Map: Dreamcatcher LE

Players

Bly

  • Race: Zerg Zerg
  • Spawn Location: 11:00

Serral - Winner!

  • Race: Zerg Zerg
  • Spawn Location: 5:00

Event: WCS Valencia 2018

VOD

Have the link to the VOD?

Description

Time

  • Played on: July 12, 2018, 12:51 p.m.
  • Length: 4:02

All games in this series

Show
View Real Time Build Order
Export as new Build Order

Bly Zerg 

Build Orders: Pool Only 

Get SALT Encoding   

  12  0:18  Spawning Pool  
  11  0:22  Drone  
  11  0:26  Drone  
  13  0:31  Drone  
  14  0:41  Overlord  
  14  1:05  Zergling x4  
  14  1:06  Zergling x2  
  17  1:16  Zergling x2  
  18  1:26  Zergling x2  
  19  1:38  Zergling x2  
  20  1:51  Zergling x2  
  21  1:57  Spine Crawler x2  
  21  2:01  Spine Crawler  
  16  2:27  Zergling x2  
  6  2:39  Zergling x2  
  7  2:48  Zergling x2  
  6  3:07  Zergling x2  
  7  3:18  Zergling x2  
  8  3:35  Zergling x2  
Show
View Real Time Build Order
Export as new Build Order

Serral Zerg - Winner!

Build Orders: Hatch First 

Get SALT Encoding   

  12  0:00  Drone  
  13  0:12  Overlord  
  13  0:17  Drone  
  14  0:30  Drone  
  14  0:31  Drone  
  16  0:48  Hatchery  
  15  0:51  Drone  
  15  0:54  Drone  
  17  0:58  Drone  
  18  1:08  Extractor  
  17  1:13  Spawning Pool  
  17  1:16  Drone  
  17  1:20  Drone  
  18  1:29  Drone  
  19  2:00  Zergling x6, Queen  
  24  2:01  Spine Crawler, Zergling x2  
  18  2:15  Zergling x4  
  18  2:25  Zergling x2  
  14  2:56  Zergling x2  
  15  3:03  Zergling x2  
  14  3:17  Zergling x2  
  15  3:22  Drone  
  16  3:30  Zergling x2  
  17  3:39  Zergling x2  
  18  3:44  Zergling x2  
Tags
 
Add a new tag
Caveats
  • Supply blocks, unpowered buildings, or Contaminate may cause inaccurate times.
  • Supply counts are checked every 10 seconds.